 Dungeon Crawl Stone Soup version 0.32-a0-918-g0f22ef8d61 (webtiles) character file.

Game seed: 4361317077436913142

2417 Gargoyl the Cleaver (level 9, -1/84 HPs)
             Began as a Gargoyle Berserker on Apr 10, 2024.
             Was a Priest of Trog.
             Slain by a slime creature (12 damage)
             ... on level 7 of the Dungeon.
             The game lasted 00:08:58 (5924 turns).

Gargoyl the Cleaver (Gargoyle Berserker)            Turns: 5924, Time: 00:08:59

Health: -1/84      AC: 17    Str: 21    XL:     9   Next: 47%
Magic:  9/9        EV: 11    Int:  8    God:    Trog [***...]
Gold:   281        SH:  0    Dex: 13    Spells: 8/8 levels left

rFire   . . .        a - +0 hand axe
rCold   . . .        (no shield)
rNeg    + . .        g - +0 ring mail
rPois   ∞            h - +0 helmet
rElec   +            u - +0 cloak
rCorr   .            o - +0 pair of gloves
SInv    .            v - +0 pair of boots
Will    .....        b - amulet of the acrobat Stlth
                     (no ring)
HPRegen 0.34/turn    (no ring)
MPRegen 0.11/turn

%: acrobat
@: berserking, very quick
A: sickness immunity, AC +6, negative energy resistance 1, electricity
resistance, torment resistance 1, petrification resistance
a: Renounce Religion, Berserk, Trog's Hand


You were on level 7 of the Dungeon.
You worshipped Trog.
Trog was most pleased with you.
You visited 1 branch of the dungeon, and saw 7 of its levels.
You also visited: Sewer.

You collected 281 gold pieces.

Inventory:

Hand Weapons
 a - a +0 hand axe (weapon)
 r - a +0 flail
Missiles
 i - 15 poisoned darts (quivered)
Armour
 g - a +0 ring mail (worn)
 h - a +0 helmet (worn)
 o - a +0 pair of gloves (worn)
 u - a +0 cloak (worn)
 v - a +0 pair of boots (worn)
Jewellery
 b - an amulet of the acrobat (around neck)
Scrolls
 d - a scroll of teleportation
 e - a scroll of butterflies {unknown}
 f - 5 scrolls of identify
 j - 2 scrolls of fear
 s - a scroll of blinking
 t - a scroll of brand weapon {unknown}
 x - a scroll of enchant armour {unknown}
 y - a scroll of noise {unknown}
Potions
 c - 2 potions of lignification
 k - a potion of curing
 l - 4 potions of enlightenment
 m - 2 potions of brilliance {unknown}
 n - a potion of heal wounds
 p - 3 potions of berserk rage {unknown}
 q - a potion of resistance {unknown}
 w - a potion of attraction {unknown}


   Skills:
 + Level 6.3 Fighting
 + Level 8.3 Axes
 + Level 6.1 Armour
 + Level 4.4 Dodging
 + Level 1.9 Stealth


You had 8 spell levels left.
You didn't know any spells.
Your spell library was empty.

Dungeon Overview and Level Annotations

Branches:
Dungeon (6/15)             Temple (0/1) D:4           Sewer (visited)

Altars:
Ashenzari
Fedhas
Gozag
Kikubaaqudgha
Okawaru
Sif Muna
Vehumet
The Shining One

Shops:
D:6 [

Annotations:
D:5 4 transporters, Errthou's ghost, novice MiFi


Innate Abilities, Weirdness & Mutations

You are immune to sickness and miasma.
Your stone body is resilient. (AC +6)
You are immune to poison.
You resist negative energy. (rN+)
You are resistant to electric shocks. (rElec)
You are resistant to unholy torment.
You are immune to petrification.


Message History

The troll claws you but does no damage. The troll claws you.
Unknown command.
You hit the troll but do no damage.
The troll is moderately wounded.
You hit the slime creature.
The orc warrior hits you but does no damage.
The slime creature hits you but does no damage.
The troll barely misses you. The troll closely misses you.
The troll claws you but does no damage.
A red film seems to cover your vision as you go berserk!
You feel yourself moving faster!
You feel mighty!
Your skin stops crawling.
You feel less strong-willed.
The orc warrior hits you from afar with a +0 glaive!
The slime creature hits you! The troll barely misses you.
The troll misses you. x2
Unknown command.
You slash the troll!
The troll is heavily wounded.
You hit the slime creature. The orc warrior closely misses you.
The troll barely misses you. The troll claws you but does no damage.
The troll claws you!
* * * LOW HITPOINT WARNING * * *
The slime creature hits you but does no damage.
You barely miss the troll.
The troll is heavily wounded.
You hit the slime creature.
Unknown command.
You hit the troll but do no damage.
The troll is heavily wounded.
You slash the slime creature! The orc warrior barely misses you.
The troll bites you but does no damage. The troll closely misses you.
The troll claws you!
* * * LOW HITPOINT WARNING * * *
The slime creature hits you.
* * * LOW HITPOINT WARNING * * *
You slash the troll!
The troll is severely wounded.
You hit the slime creature. The orc warrior closely misses you.
The troll bites you but does no damage. The troll barely misses you.
The troll claws you but does no damage. The slime creature hits you!
You die...

.## ##.###..§§.....§§. ...#
........≈≈≈§≈≈≈≈§. #..#
..####........§.§. #.. #.#
##.########.. .###..#.# #.#
#.# #[.l..#.# #.# #.#
#J...).# ##+## #.# #J#
##...## #.# .# #@###.....##
#.# ..## ##T##.......## #..
#..#. ##o.#.........####..
... ##...'.........'.....
.###.###..###.........####[.
.........## ##.......## ##.
..###...## ##.....## ##
##..# ##...######## #.##
##.........#


You could see a slime creature, a troll and an orc warrior.

Vanquished Creatures
  Eustachio (D:4)
  Duvessa (D:4)
  An ogre (D:5)
  A black bear (D:6)
  An ice beast (D:5)
  2 phantoms
  A kobold brigand (Sewer)
  A bullfrog (D:5)
  4 wights (D:6)
  Dowan (D:4)
  3 electric eels (D:6)
  A howler monkey (D:6)
  A bombardier beetle (D:6)
  2 jellies
  6 hounds
  2 gnoll boudas
  5 orc wizards
  3 iguanas
  Natasha (thrice) (D:3)
  Robin (D:3)
  10 gnolls
  11 adders
  2 river rats (Sewer)
  A white imp (D:5)
  4 ufetubi (D:6)
  A dart slug (D:4)
  5 ribbon worms
  10 orcs
  5 ball pythons
  8 endoplasms
  8 giant cockroaches
  13 goblins
  9 hobgoblins
  10 jackals
  6 quokkas
  6 bats
  2 frilled lizards
  11 kobolds
  6 rats
169 creatures vanquished.

Vanquished Creatures (collateral kills)
  An acid dragon (D:7)
  An orc warrior (D:7)
  An iguana (D:7)
  An orc (D:7)
4 creatures vanquished.

Vanquished Creatures (others)
  An orc (D:4)
1 creature vanquished.

Grand Total: 174 creatures vanquished

Notes
Turn   | Place    | Note
-------+----------+-------------------------------------------
     0 | D:1      | Gargoyl the Gargoyle Berserker began the quest for the Orb.
     0 | D:1      | Reached XP level 1. HP: 14/14 MP: 1/1
   143 | D:1      | Reached XP level 2. HP: 20/20 MP: 2/2
   306 | D:1      | Reached skill level 3 in Axes
   542 | D:1      | Reached ** piety under Trog
   588 | D:1      | Reached XP level 3. HP: 23/24 MP: 3/3
   833 | D:2      | Identified a scroll of acquirement
   833 | D:2      | Acquired an amulet of the acrobat
  1121 | D:2      | Reached XP level 4. HP: 23/29 MP: 4/4
  1454 | D:2      | Found a faded altar of an unknown god.
  1695 | D:3      | Noticed a phantom
  1696 | D:3      | Noticed Robin
  1714 | D:3      | Reached skill level 4 in Axes
  1716 | D:3      | Killed a phantom
  1717 | D:3      | Reached skill level 1 in Stealth
  1717 | D:3      | Reached XP level 5. HP: 33/33 MP: 5/5
  1738 | D:3      | Killed Robin
  1794 | D:3      | Reached *** piety under Trog
  1827 | D:3      | Reached XP level 6. HP: 38/38 MP: 6/6
  2077 | D:3      | Noticed Natasha
  2084 | D:3      | Killed Natasha
  2202 | D:3      | Noticed Natasha
  2217 | D:3      | Killed Natasha
  2469 | D:3      | Noticed Natasha
  2482 | D:3      | Killed Natasha
  2684 | D:4      | Reached skill level 5 in Axes
  2759 | D:4      | Found a glowing golden altar of the Shining One.
  2821 | D:4      | Found a staircase to the Ecumenical Temple.
  2866 | D:4      | Found an opulent altar of Gozag.
  2934 | D:4      | Found a blossoming altar of Fedhas.
  3004 | D:4      | Noticed Dowan
  3005 | D:4      | Noticed Duvessa
  3016 | D:4      | Killed Duvessa
  3017 | D:4      | Reached XP level 7. HP: 44/44 MP: 7/7
  3017 | D:4      | Killed Dowan
  3181 | D:4      | Found a glowing drain.
  3189 | Sewer    | Entered a sewer
  3305 | Sewer    | Reached skill level 6 in Axes
  3337 | Sewer    | Found a white marble altar of Elyvilon.
  3668 | D:4      | Noticed Eustachio
  3700 | D:4      | Killed Eustachio
  3701 | D:4      | Reached XP level 8. HP: 44/48 MP: 8/8
  3824 | D:4      | You fall into a shaft and drop 2 floors!
  3972 | D:6      | Found Mann's Armour Shoppe.
  4054 | D:6      | Reached skill level 5 in Fighting
  4054 | D:6      | Reached skill level 7 in Axes
  4054 | D:6      | Reached skill level 5 in Armour
  4691 | D:5      | Entered Level 5 of the Dungeon
  4739 | D:5      | Reached XP level 9. HP: 44/54 MP: 9/9
  4822 | D:5      | Found a transporter.
  4824 | D:5      | Found a broken altar of Ashenzari.
  4838 | D:5      | Found a transporter.
  4901 | D:5      | Reached **** piety under Trog
  5004 | D:5      | Found a transporter.
  5007 | D:5      | Found a transporter.
  5008 | D:5      | Noticed Errthou's ghost (novice MiFi)
  5234 | D:5      | Found an ancient bone altar of Kikubaaqudgha.
  5249 | D:5      | Reached skill level 8 in Axes
  5259 | D:5      | Found a shimmering blue altar of Sif Muna.
  5285 | D:5      | Found a radiant altar of Vehumet.
  5772 | D:6      | You fall into a shaft and drop 1 floor!
  5772 | D:7      | Found an iron altar of Okawaru.
  5912 | D:7      | Noticed a troll
  5924 | D:7      | Slain by a slime creature

Illustrated notes

Levels and vault maps discovered:
D:1:      minmay_arrival_four_houses, layout_loops_cross,
          chequers_serial_rivers_large_a
D:2:      layout_loops_ring, shapermc_ecumenical_altar_hornbeckon
D:3:      minmay_skewed_foursquare, layout_basic, chequers_mini_garden,
          chequers_serial_rivers_micro_a, uniq_natasha, uniq_robin
D:4:      layout_gridville, general_overflow_altar,
          mainiacjoe_overflow_cross_hatched, old_standard_altar,
          minmay_temple_entry_tees, serial_library,
          serial_library_hellmonk_secret_room,
          serial_library_hellmonk_double_dead_end,
          serial_library_hellmonk_hallway_a,
          serial_library_hellmonk_long_bookcase, serial_library_hellmonk_room_c,
          gup_sewer_entry_bubbles, chequers_serial_rivers_marsh, uniq_duvessa,
          uniq_eustachio
D:5:      gammafunk_steamed_eel, layout_rooms, palyth_temple_overflow_mages,
          ashenzari_conservatory_becter, gammafunk_ghost_smash
D:6:      layout_loops_ring, nicolae_take_the_stairs, glass_columns_a,
          water_maze_lemuel
D:7:      minmay_the_grid_octo_triangle [minmay_the_grid_octo_pinwheel,
          minmay_the_grid_octo_prize_star, minmay_the_grid_octo_odd_swirl],
          layout_loops_corners, lemuel_coloured_pillars_altar,
          mainiacjoe_overflow_concentric_impassable, uniq_maurice

Skill      XL: |  1  2  3  4  5  6  7  8  9 |
---------------+----------------------------+-----
Axes           | 3 4 5 6 7 8 |  8.3
Dodging        | 2 3 4 |  4.4
Fighting       | 4 5 6 |  6.3
Armour         | 3 4 5 6 |  6.1
Stealth        | 1 |  1.9

Action                     |  1- 3 |  4- 6 |  7- 9 || total
---------------------------+-------+-------+-------++-------
  Melee: Hand axe          |   136 |   201 |   440 ||   777
 Invoke: Berserk           |       |     5 |     7 ||    12
         Trog's Hand       |       |     2 |     4 ||     6
         Brothers in Arms  |       |       |     1 ||     1
    Use: Scroll            |     2 |     9 |       ||    11
   Stab: Sleeping          |     1 |       |       ||     1
 Armour: Animal skin       |    28 |       |       ||    28
         Ring mail         |    60 |   145 |   359 ||   564
  Dodge: Dodged            |   110 |   154 |   376 ||   640

Table legend: (Time is in decaauts)
 A = Elapsed time spent in this place.
 B = Non-inter-level travel time spent in this place.
 C = Inter-level travel time spent in this place.
 D = Time resting spent in this place.
 E = Time spent auto-exploring this place.
 F = Levels seen in this place.
 G = Mean time per level.
                   A        B        C        D        E       F      G
               +--------+--------+--------+--------+--------+-----+--------+
         Total |   6133 |   6026 |    107 |    560 |   3605 |   8 |  766.6 |
       Dungeon |   5909 |   5802 |    107 |    560 |   3478 |   7 |  844.1 |
         Sewer |    224 |    224 |      0 |      0 |    127 |   1 |  224.0 |
               +--------+--------+--------+--------+--------+-----+--------+

Top non-repeatable levels by time:
     D:3: 1084 daAuts
     D:6: 1054 daAuts
     D:4: 1022 daAuts
     D:5: 913 daAuts
     D:2: 848 daAuts
     D:1: 835 daAuts
   Sewer: 224 daAuts
     D:7: 150 daAuts
